 Dungeon Crawl Stone Soup version 0.31.0-32-g396128a36d (webtiles) character file.

Game seed: 11234026828471991828

1150 BoneyBoi1234 the Ducker (level 8, 42/42 HPs)
             Began as a Spriggan Hunter on Mar 27, 2024.
             Quit the game on level 6 of the Dungeon.
             The game lasted 00:12:40 (4707 turns).

BoneyBoi1234 the Ducker (Spriggan Hunter)           Turns: 4707, Time: 00:12:40

Health: 42/42      AC:  3    Str:  7    XL:     8   Next: 15%
Magic:  15/15      EV: 22    Int: 11    God:
Gold:   1257       SH:  0    Dex: 20    Spells: 10/15 levels left

rFire   . . .        a - +0 shortbow
rCold   . . .        (shield currently unavailable)
rNeg    . . .        c - +0 robe
rPois   .            (helmet restricted)
rElec   .            j - +0 cloak
rCorr   .            (gloves unavailable)
SInv    +            (boots unavailable)
Will    +....        (no amulet)
Stlth   ++           (no ring)
HPRegen 0.27/turn    (no ring)
MPRegen 0.14/turn

%: no passive effects
@: very quick
A: very small, no large weapons, unfitting armour, see invisible, speed 3
a: no special abilities


You were on level 6 of the Dungeon.
You visited 1 branch of the dungeon, and saw 6 of its levels.

You collected 1257 gold pieces.

Inventory:

Hand Weapons
 a - a +0 shortbow (weapon)
Missiles
 u - a throwing net
Armour
 c - a +0 robe (worn)
 g - a +2 pair of gloves
 j - a +0 cloak (worn)
Jewellery
 x - a +4 ring of protection
Scrolls
 b - a scroll of butterflies
 h - 4 scrolls of amnesia
 k - a scroll of torment
 m - a scroll of teleportation
 n - a scroll of fog {unknown}
 q - a scroll of poison {unknown}
 r - 3 scrolls of immolation
 s - a scroll of enchant weapon
 v - a scroll of fear {unknown}
 w - a scroll of blinking {unknown}
 y - a scroll of enchant armour {unknown}
Potions
 d - 4 potions of attraction {unknown}
 e - a potion of mutation {unknown}
 f - 2 potions of heal wounds
 i - a potion of haste
 l - 2 potions of curing {unknown}
 o - a potion of brilliance {unknown}
 p - 3 potions of resistance {unknown}
 t - 2 potions of degeneration {unknown}


   Skills:
 + Level 4.4 Fighting
 + Level 6.4 Ranged Weapons
 + Level 7.0 Dodging
 - Level 2.0 Stealth
 + Level 4.0 Spellcasting
 - Level 2.5 Evocations


You had 10 spell levels left.
You knew the following spells:

 Your Spells              Type           Power      Damage    Failure   Level
a - Swiftness             Air            2%         N/A       56%         3
b - Ensorcelled Hibernat  Hex/Ice        4%         N/A       34%         2

Your spell library contained the following spells:

 Spells                   Type           Power      Damage    Failure   Level
 Kiss of Death            Conj/Necr      8%         2d6       24%         1
 Sandblast                Erth           4%         2d4       24%         1
 Cigotuvi's Dreadful Rot  Necr/Alch/Air  4%         N/A       34%         2
 Lesser Beckoning         Tloc           4%         N/A       34%         2
 Confusing Touch          Hex            2%         N/A       56%         3
 Gell's Gravitas          Tloc           2%         N/A       56%         3
 Passwall                 Erth           2%         N/A       56%         3
 Stone Arrow              Conj/Erth      4%         3d7       56%         3
 Teleport Other           Tloc           2%         N/A       56%         3
 Tukima's Dance           Hex            2%         N/A       56%         3
 Brom's Barrelling Bould  Conj/Erth      2%         2d3       93%         4
 Dimensional Bullseye     Hex/Tloc       1%         N/A       93%         4
 Dispel Undead            Necr           2%         3d7       93%         4
 Iskenderun's Mystic Bla  Conj/Tloc      2%         2d3       93%         4
 Martyr's Knell           Necr/Summ      2%         N/A       93%         4
 Fireball                 Conj/Fire      1%         3d3       100%        5
 Iskenderun's Battlesphe  Conj           2%         2d6       100%        5
 Conjure Ball Lightning   Conj/Air       1%         3x3d6     100%        6
 Death Channel            Necr           1%         N/A       100%        6
 Orb of Destruction       Conj           1%         9d5       100%        7


Dungeon Overview and Level Annotations

Branches:
Dungeon (6/15)             Temple (0/1) D:6

Altars:
Elyvilon
The Shining One


Innate Abilities, Weirdness & Mutations

You are very small and have problems with some larger weapons.
You are too small for most types of armour.
You have supernaturally acute eyesight. (SInv)
You cover ground extremely quickly. (Speed+++)


Message History

You shoot an arrow.
The arrow hits the adder but does no damage.
The adder is heavily wounded.
The adder completely misses you.
You shoot an arrow. The arrow closely misses the adder.
The adder misses you.
You shoot an arrow. The arrow hits the adder.
The adder is almost dead.
The adder misses you. The adder completely misses you.
You shoot an arrow. The arrow hits the adder!
You kill the adder!
No target in view!
A white imp comes into view.
The white imp shouts!
A white imp is nearby!
You shoot an arrow.
The arrow hits the white imp but does no damage.
You shoot an arrow.
The arrow hits the white imp but does no damage.
The white imp gestures at you. The puff of frost hits you!
You shoot an arrow. The arrow hits the white imp!
You kill the white imp!
Your Dodging skill increases to level 7!
No target in view!
No target in view!
No target in view!
No target in view!
HP restored.
You now have 1257 gold pieces (gained 20).
There is a staircase to the Ecumenical Temple here.
A jelly comes into view.
A jelly is nearby!
Your line of fire to the jelly is blocked by a granite statue.
Your line of fire to the jelly is blocked by a granite statue.
Your line of fire to the jelly is blocked by a granite statue.
A jelly is nearby!
The jelly quivers.
No target in view!
No target in view!
Are you sure you want to abandon this character and quit the game? (Confirm with "yes".)

#........# #........#
#..†.....# #........#
#........# #........#
#.....#######
#.#####.....#####
#.#...#.....#@..#...
#...8....>....8......
#.#...#.....#...###..
#.#####.....#####
#.....#######
#.......^ #........
#........ #........


There were no monsters in sight!

Vanquished Creatures
  Prince Ribbit (D:5)
  A black bear (D:4)
  A phantom (D:5)
  A scorpion (D:4)
  3 bombardier beetles
  5 hounds
  A gnoll bouda (D:5)
  2 sleepcaps (D:5)
  3 iguanas
  3 orc wizards
  5 gnolls
  8 adders
  A white imp (D:6)
  4 ufetubi (D:5)
  4 dart slugs
  2 ribbon worms
  14 orcs
  5 bats
  6 endoplasms
  2 giant cockroaches
  9 goblins
  7 hobgoblins
  10 kobolds
  2 quokkas
  6 ball pythons
  3 frilled lizards
  7 rats
116 creatures vanquished.

Vanquished Creatures (others)
  An orc (D:3)
1 creature vanquished.

Grand Total: 117 creatures vanquished

Notes
Turn   | Place    | Note
-------+----------+-------------------------------------------
     0 | D:1      | BoneyBoi1234 the Spriggan Hunter began the quest for the
                  | Orb.
     0 | D:1      | Reached XP level 1. HP: 10/10 MP: 2/2
   288 | D:1      | Reached skill level 3 in Dodging
   288 | D:1      | Reached XP level 2. HP: 15/15 MP: 3/3
   347 | D:1      | Found a faded altar of an unknown god.
   973 | D:2      | Reached XP level 3. HP: 18/18 MP: 4/4
  1117 | D:2      | Identified a scroll of acquirement
  1122 | D:2      | Acquired 925 gold pieces
  1175 | D:2      | Reached XP level 4. HP: 23/23 MP: 5/5
  1284 | D:3      | Reached skill level 4 in Dodging
  1443 | D:3      | Found a white marble altar of Elyvilon.
  1740 | D:3      | Reached XP level 5. HP: 28/28 MP: 6/6
  1841 | D:3      | Reached skill level 5 in Ranged Weapons
  2021 | D:3      | Reached skill level 1 in Evocations
  2456 | D:4      | Reached skill level 5 in Dodging
  2456 | D:4      | Reached XP level 6. HP: 28/32 MP: 7/7
  3016 | D:4      | Reached skill level 1 in Spellcasting
  3375 | D:5      | Entered Level 5 of the Dungeon
  3383 | D:5      | Noticed Prince Ribbit
  3427 | D:5      | Killed Prince Ribbit
  3428 | D:5      | Reached XP level 7. HP: 37/37 MP: 9/11
  3497 | D:4      | Reached skill level 6 in Dodging
  3507 | D:4      | Learned a level 3 spell: Swiftness
  3521 | D:4      | Learned a level 2 spell: Ensorcelled Hibernation
  3709 | D:5      | Identified the +0 buckler of the Lost Path {Fly}
  3932 | D:5      | Found a glowing golden altar of the Shining One.
  4318 | D:5      | Reached XP level 8. HP: 42/42 MP: 14/14
  4620 | D:6      | Found a staircase to the Ecumenical Temple.
  4650 | D:6      | Reached skill level 7 in Dodging
  4707 | D:6      | Quit the game

Illustrated notes

Levels and vault maps discovered:
D:1:      dpeg_arrival_refuge, layout_loops_ring,
          shapermc_ecumenical_altar_mp_ritualfount, dk_noncrumbling_2,
          serial_bayou_ford_a
D:2:      layout_rooms
D:3:      minmay_octagon_keep, layout_loops_ring, elyvilon_altar_4,
          saegor_snake_ambush
D:4:      layout_loops_cross, feat_on_display
D:5:      minmay_spotlight, layout_rooms, kennysheep_mini_moat, serial_curves,
          eino_curves_02, eino_curves_03, eino_curves_02, eino_curves_04,
          dk_rats_in_the_wall, uniq_prince_ribbit1
D:6:      layout_gridville, minmay_temple_entry_antechambers

Skill      XL: |  1  2  3  4  5  6  7  8 |
---------------+-------------------------+-----
Stealth        | 2 |  2.0
Dodging        | 3 4 5 6 7 |  7.0
Fighting       | 2 3 4 |  4.4
Ranged Weapons | 5 6 |  6.4
Evocations     | 1 2 |  2.5
Spellcasting   | 2 3 4 |  4.0

Action                     |  1- 3 |  4- 6 |  7- 9 || total
---------------------------+-------+-------+-------++-------
   Fire: Shortbow          |    91 |   235 |   188 ||   514
    Use: Scroll            |     6 |     1 |     2 ||     9
 Armour: Robe              |     8 |    28 |    34 ||    70
  Dodge: Dodged            |    14 |    88 |   101 ||   203
